 Dungeon Crawl Stone Soup version 0.31-a0-1530-g330b8c2 (webtiles) character file.

Game seed: 8529765907001837316

31428 pym505 the Marksant (level 13, -5/106 HPs)
             Began as a Formicid Hunter on Dec 31, 2023.
             Was an Initiate of Gozag.
             Slain by a minotaur
             ... wielding the +11 plutonium sword {^Contam Stlth-}
              (20 damage)
             ... in a Gauntlet.
             The game lasted 00:41:10 (14759 turns).

pym505 the Marksant (Formicid Hunter)              Turns: 14759, Time: 00:41:11

Health: -5/106     AC: 21    Str: 16    XL:     13   Next: 96%
Magic:  4/4        EV: 20    Int: 13    God:    Gozag
Gold:   1283       SH:  0    Dex: 34    Spells: 12/12 levels left

rFire   . . .        F - +9 shortbow "Jysuuq" {antimagic, Int+3}
rCold   + . .        (no shield)
rNeg    . . .        s - +5 chain mail {rC+}
rPois   +            (helmet unavailable)
rElec   .            v - +1 cloak of Starlight {*Dazzle EV+4 Stlth--}
rCorr   .            (no gloves)
SInv    +            q - +1 pair of boots of Zuas {Dex+4 SInv}
Will    ++...        P - amulet "Udeckas" {RegenMP rPois Dex+3} Stlth
                     h - +6 ring of dexterity
HPRegen 0.37/turn    B - +5 ring of evasion
MPRegen 0.49/turn

%: no passive effects
@: mighty, brilliant, enlightened, flying (expiring), slightly contaminated
A: permanent stasis, dig shafts and tunnels, antennae 3, four strong arms
a: Dig, Renounce Religion, Potion Petition, Call Merchant, Bribe Branch


You were in a Gauntlet.
You worshipped Gozag.
Gozag was most pleased with you.
You visited 3 branches of the dungeon, and saw 15 of its levels.
You also visited: Bailey and Gauntlet.

You collected 3869 gold pieces.
You spent 1086 gold pieces at shops.
You paid 1500 gold pieces to Gozag.

Inventory:

Hand Weapons
 a - a +7 shortbow of freezing
 F - the +9 shortbow "Jysuuq" (weapon) {antimagic, Int+3}
   (You took it off a kobold brigand on level 11 of the Dungeon)

   Int+3:     It affects your intelligence (+3).
 Q - the +5 long sword of Dim Light {flame, rF- Str+6 Dex-5}
   (You found it in a Gauntlet)

   Str+6:     It affects your strength (+6).
   Dex-5:     It affects your dexterity (-5).
   rF-:       It makes you vulnerable to fire.
Missiles
 g - 7 throwing nets
Armour
 c - a +1 tower shield
 i - a +2 animal skin
 q - the +1 pair of boots of Zuas (worn) {Dex+4 SInv}
   (You bought it in a shop on level 2 of the Dungeon)

   Dex+4:     It affects your dexterity (+4).
   SInv:      It lets you see invisible.
 s - a +5 chain mail of cold resistance (worn)
 v - the +1 cloak of Starlight (worn) {*Dazzle EV+4 Stlth--}
   (You bought it in a shop on level 2 of the Dungeon)

   *Dazzle:   It may blind those who miss an attack against the wearer in melee
   combat.
   EV+4:      It affects your evasion (+4).
   Stlth--:   It makes you much less stealthy.
Magical Staves
 N - the staff of Indomitability {rElec Int-3 SInv Stlth+ Conj}
   (You found it in a Gauntlet)

   [staff of conjuration]

   Base accuracy: +5 Base damage: 5 Base attack delay: 1.2 This weapon's minimum
   attack delay (0.6) is reached at skill level 12.
   Int-3:     It affects your intelligence (-3).
   rElec:     It insulates you from electricity.
   SInv:      It lets you see invisible.
   Stlth+:    It makes you more stealthy.
   Conj:      It increases the power of your Conjurations spells.
   It falls into the 'Staves' category.
   It is a weapon for one hand-pair.
Jewellery
 h - a +6 ring of dexterity (left hand)
 m - an amulet of the acrobat
 r - a ring of magical power
 x - the ring "Wunt" {rF+ rC- Int+3 Dex+3}
   (You took it off a kobold on level 8 of the Dungeon)

   [ring of protection from fire]

   Int+3:     It affects your intelligence (+3).
   Dex+3:     It affects your dexterity (+3).
   rF+:       It protects you from fire.
   rC-:       It makes you vulnerable to cold.
 B - a +5 ring of evasion (right hand)
 K - an amulet of guardian spirit
 P - the amulet "Udeckas" (around neck) {RegenMP rPois Dex+3}
   (You found it in a Gauntlet)

   [amulet of magic regeneration]

   RegenMP:   It increases your rate of magic regeneration.
   Dex+3:     It affects your dexterity (+3).
   rPois:     It protects you from poison
 R - the ring of Creativity {Fire rPois rN+ rCorr MP+9}
   (You found it in a Gauntlet)

   [ring of fire]

   Fire:      It enhances your fire magic.
   rF+:       It protects you from fire.
   rC-:       It makes you vulnerable to cold.
   rPois:     It protects you from poison rN+: It protects you from negative
   energy.
   MP+9:      It affects your magic capacity (+9).
   rCorr:     It protects you from acid and corrosion.
Wands
 f - a wand of paralysis (26)
 p - a wand of flame (22)
 u - a wand of digging (5)
 w - a wand of acid (7)
 C - a wand of polymorph (1)
 D - a wand of iceblast (4)
 J - a wand of mindburst (5)
Scrolls
 b - a scroll of butterflies
 d - 3 scrolls of fear
 e - 6 scrolls of poison
 k - 5 scrolls of identify
 o - 3 scrolls of silence
 y - 2 scrolls of revelation
 H - a scroll of vulnerability
 L - a scroll of fog
Potions
 j - 5 potions of curing
 l - 2 potions of might
 n - a potion of cancellation
 t - a potion of enlightenment
 z - 2 potions of lignification
 A - 2 potions of attraction
 E - 2 potions of magic
 I - 2 potions of heal wounds
 M - a potion of ambrosia


   Skills:
 + Level 11.5 Fighting
 * Level 18.1 Ranged Weapons
 * Level 9.0 Armour
 + Level 4.2 Dodging
 + Level 3.3 Stealth


You had 12 spell levels left.
You didn't know any spells.
Your spell library contained the following spells:

 Spells                   Type           Power      Damage    Failure   Level
 Slow                     Hex            0%         N/A       95%         1
 Sting                    Conj/Alch      0%         1d3       95%         1
 Ensorcelled Hibernation  Hex/Ice        0%         N/A       98%         2
 Jinxbite                 Hex            0%         N/A       98%         2
 Mercury Vapours          Alch/Air       0%         N/A       98%         2
 Confusing Touch          Hex            0%         N/A       100%        3
 Dazzling Flash           Conj/Hex       0%         N/A       100%        3
 Fugue of the Fallen      Necr           0%         N/A       100%        3
 Mephitic Cloud           Conj/Alch/Air  0%         N/A       100%        3
 Sigil of Binding         Hex            0%         N/A       100%        3
 Tukima's Dance           Hex            0%         N/A       100%        3
 Vampiric Draining        Necr           0%         2d6       100%        3
 Anguish                  Hex/Necr       0%         N/A       100%        4
 Olgreb's Toxic Radiance  Alch           0%         N/A       100%        4
 Passage of Golubria      Tloc           0%         N/A       100%        4
 Arcjolt                  Conj/Air       0%         1d10      100%        5
 Curse of Agony           Necr           0%         N/A       100%        5
 Silence                  Hex/Air        0%         N/A       100%        5
 Yara's Violent Unravell  Hex/Alch       0%         3d3       100%        5
 Plasma Beam              Fire/Air       0%         2x1d10    100%        6
 Enfeeble                 Hex            0%         N/A       100%        7
 Vhi's Electric Charge    Tloc/Air       Unusable   N/A       N/A         4

Dungeon Overview and Level Annotations

Branches:
Dungeon (12/15)            Temple (1/1) D:4            Lair (2/5) D:8
    Orc (0/2) D:12         Bailey (visited)         Gauntlet (1/1)
  Swamp: Lair:2-3    Shoals: Lair:2-3     Snake: Lair:2-3    Spider: Lair:2-3

Altars:
Ashenzari
Cheibriados
Dithmenos
Elyvilon
Fedhas
Gozag
Hepliaklqana
Kikubaaqudgha
Makhleb
Nemelex Xobeh
Okawaru
Qazlal
Ru
Sif Muna
Trog
Uskayaw
Vehumet
Wu Jian
Xom
Yredelemnul
Zin
The Shining One

Shops:
D:2 [   D:6 [   D:8 [?[[:   D:9 [   D:12 (

Annotations:
D:2 1 runed translucent door, Crazy Yiuf Gauntlet 6 transporters, exclusion: orange crystal statue


Innate Abilities, Weirdness & Mutations

You cannot be hasted, slowed, berserked, paralysed or teleported.
You can dig through walls and to a lower floor.
You have a pair of large antennae on your head. (SInv)
Your four strong arms can wield two-handed weapons with a shield.


Message History

There is a transporter here.
You enter the transporter and appear at another place.
Okay, then.
Okay, then.
As you read the scroll of enchant armour, it crumbles to dust.
Your +4 chain mail of cold resistance glows green for a moment.
You feel very mighty all of a sudden.
You feel very buoyant.
You fly up into the air.
You feel clever all of a sudden.
Okay, then.
The orange crystal statue glitters topaz in the dim dungeon light.
The orange crystal statue glitters topaz in the dim dungeon light.
A minotaur comes into view.
It is wielding the +11 plutonium sword {^Contam Stlth-} and quivering silver javelins.
You shoot an arrow.
The arrow completely misses the minotaur.
The minotaur bellows!
You shoot an arrow. The arrow hits the minotaur.
The minotaur is lightly wounded.
You are starting to lose your buoyancy.
You shoot an arrow.
The arrow hits the minotaur but does no damage.
The minotaur is lightly wounded.
The minotaur hits you with the +11 plutonium sword {^Contam Stlth-}!!
The minotaur barely misses you.
You shoot an arrow. The arrow hits the minotaur!
The minotaur is lightly wounded.
The minotaur hits you with the +11 plutonium sword {^Contam Stlth-}!!!
Mutagenic energy flows through the +11 plutonium sword!
Your limbs ache and wobble like jelly.
You are lightly contaminated with residual magic.
* * * LOW HITPOINT WARNING * * *
The minotaur completely misses you.
Okay, then.
As you read the scroll of fear, it crumbles to dust.
You assume a fearsome visage.
The minotaur resists with almost no effort.
The minotaur hits you with the +11 plutonium sword {^Contam Stlth-}!!
You die...
Your body crumbles into a pile of gold.

##.......§§..........§......≈#
##≈#≈#≈#≈#≈########≈#≈#§#≈###
###########.©..©.#########
#####......####
...............
...............#
###.###.###.####
###.###.###.## #.....@.......#
#.###H###.###.# #. .# .., .
### ##


You could see a minotaur.

Vanquished Creatures
  Harold (D:10)
  A hydra (Lair:2)
  3 two-headed ogres
  2 boulder beetles (D:12)
  4 death yaks (Lair:1)
  A lindwurm (Lair:2)
  Pikel (D:6)
  A deep elf pyromancer (D:12)
  An ugly thing (D:11)
  4 cyclopes
  Maurice (D:10)
  An ice statue (Gauntlet)
  6 elephants
  An unseen horror (D:10)
  3 cane toads (Lair:1)
  2 rime drakes (Gauntlet)
  2 kobold demonologists (Bailey)
  3 komodo dragons
  Psyche (D:10)
  2 trolls (D:11)
  6 blink frogs (Lair:1)
  4 slime creatures (D:12)
  32 yaks
  4 wyverns
  A fire bat (Gauntlet)
  2 wargs (D:12)
  A human (D:12)
  2 basilisks
  3 vampire mosquitoes (D:11)
  2 steam dragons
  2 acid dragons (D:11)
  8 water moccasins
  10 orc warriors
  A black bear (Lair:2)
  7 wolves (Lair:2)
  5 centaurs
  3 ogres (D:8)
  4 lemures (D:6)
  2 kobold brigands
  3 gnoll sergeants
  3 bullfrogs
  2 scorpions
  4 wights (D:7)
  9 killer bees (D:9)
  9 howler monkeys
  6 electric eels
  A bombardier beetle (D:6)
  4 jellies
  7 hounds
  2 gnoll boudas (D:8)
  5 orc priests
  12 orc wizards
  3 iguanas
  6 mutant beasts (D:9)
  Robin (D:2)
  25 gnolls
  8 adders
  2 white imps
  4 dart slugs
  A ribbon worm (D:2)
  32 orcs
  8 endoplasms
  3 giant cockroaches
  23 goblins
  16 hobgoblins
  17 kobolds
  2 quokkas
  7 ball pythons
  2 bats (D:1)
  3 frilled lizards
  6 rats
376 creatures vanquished.

Notes
Turn   | Place    | Note
-------+----------+-------------------------------------------
     0 | D:1      | pym505 the Formicid Hunter began the quest for the Orb.
     0 | D:1      | Reached XP level 1. HP: 16/16 MP: 1/1
    80 | D:1      | Reached XP level 2. HP: 22/22 MP: 2/2
   304 | D:1      | Reached XP level 3. HP: 25/27 MP: 3/3
   506 | D:1      | Found a faded altar of an unknown god.
   751 | D:2      | Found a sacrificial altar of Ru.
   760 | D:2      | Reached skill level 5 in Ranged Weapons
   763 | D:2      | Noticed Robin
   776 | D:2      | Killed Robin
   777 | D:2      | Reached XP level 4. HP: 30/34 MP: 4/4
   965 | D:2      | Reached skill level 1 in Armour
   972 | D:2      | Reached XP level 5. HP: 29/39 MP: 5/5
  1055 | D:2      | Found a runed translucent door.
  1056 | D:2      | Noticed Crazy Yiuf
  1354 | D:2      | Found Fecaig's Antique Armour Shoppe.
  1868 | D:3      | Reached skill level 6 in Ranged Weapons
  2434 | D:4      | Found a staircase to the Ecumenical Temple.
  2454 | D:4      | Reached XP level 6. HP: 46/46 MP: 6/6
  2739 | D:5      | Entered Level 5 of the Dungeon
  3055 | D:5      | Found an ornate altar of the Wu Jian Council.
  3189 | D:5      | Reached skill level 7 in Ranged Weapons
  3348 | D:5      | Reached XP level 7. HP: 52/52 MP: 7/7
  3789 | Temple   | Entered the Ecumenical Temple
  3800 | Temple   | Became a worshipper of Gozag Ym Sagoz the Greedy
  4064 | D:6      | Noticed Pikel
  4282 | D:6      | Found Taos Yto's Armour Boutique.
  4332 | D:6      | Reached skill level 8 in Ranged Weapons
  4377 | D:6      | Killed Pikel
  4378 | D:6      | Reached skill level 9 in Ranged Weapons
  4378 | D:6      | Reached XP level 8. HP: 35/60 MP: 8/8
  4509 | D:6      | Found a broken altar of Ashenzari.
  4515 | D:6      | Found a glowing golden altar of the Shining One.
  4520 | D:6      | Found a shadowy altar of Dithmenos.
  5037 | D:2      | Bought a pair of twisted boots for 152 gold pieces
  5037 | D:2      | Identified the +1 pair of boots of Zuas {Dex+4 SInv} (You
                  | bought it in a shop on level 2 of the Dungeon)
  5037 | D:2      | Bought a polished chain mail for 152 gold pieces
  5037 | D:2      | Identified the +0 chain mail of an ice cave {Int+3} (You
                  | bought it in a shop on level 2 of the Dungeon)
  5346 | D:7      | Reached skill level 10 in Ranged Weapons
  5346 | D:7      | Reached XP level 9. HP: 66/66 MP: 9/9
  5565 | D:7      | Reached skill level 11 in Ranged Weapons
  5686 | D:7      | Found a flagged portal.
  5696 | Bailey   | Entered a bailey
  6056 | Bailey   | Noticed a kobold demonologist
  6058 | Bailey   | Found an iron altar of Okawaru.
  6071 | Bailey   | Killed a kobold demonologist
  6072 | Bailey   | Reached skill level 5 in Fighting
  6108 | Bailey   | Noticed a kobold demonologist
  6112 | Bailey   | Killed a kobold demonologist
  6113 | Bailey   | Reached skill level 12 in Ranged Weapons
  6113 | Bailey   | Reached XP level 10. HP: 74/74 MP: 10/10
  6577 | Bailey   | Acquired 377 gold pieces
  6793 | D:2      | Bought the +1 cloak of Starlight {*Dazzle EV+4 Stlth--} for
                  | 488 gold pieces
  6793 | D:2      | Found the +1 cloak of Starlight {*Dazzle EV+4 Stlth--}
  6943 | D:6      | Bought a +0 tower shield for 54 gold pieces
  7000 | D:8      | Found a staircase to the Lair.
  7008 | D:8      | Found Loxod's Magic Scroll Shop.
  7018 | D:8      | Reached skill level 5 in Armour
  7023 | D:8      | Noticed a two-headed ogre
  7033 | D:8      | Killed a two-headed ogre
  7034 | D:8      | Reached skill level 13 in Ranged Weapons
  7118 | D:8      | Bought a scroll of enchant armour for 120 gold pieces
  7118 | D:8      | Bought a scroll of enchant weapon for 120 gold pieces
  7232 | D:8      | Found Cheibriados's Comfort Zone.
  7232 | D:8      | Found a snail-covered altar of Cheibriados.
  7250 | D:8      | Found Vyex's Book Boutique.
  7278 | D:8      | Found a hide-covered altar of Uskayaw.
  7444 | D:8      | Found Faiwekh's Armour Emporium.
  7524 | D:8      | Identified the ring "Wunt" {rF+ rC- Int+3 Dex+3}
  7897 | D:8      | Reached XP level 11. HP: 59/83 MP: 11/11
  7994 | D:8      | Reached skill level 14 in Ranged Weapons
  8140 | D:8      | Found Loaczeqo's Antique Armour Shop.
  8421 | D:9      | Noticed a juvenile weirdshock beast
  8438 | D:9      | Killed a juvenile weirdshock beast
  9620 | D:10     | Entered Level 10 of the Dungeon
 10090 | D:10     | Noticed Maurice
 10096 | D:10     | Killed Maurice
 10097 | D:10     | Reached skill level 15 in Ranged Weapons
 10111 | D:10     | Noticed Psyche
 10119 | D:10     | Killed Psyche
 10157 | D:10     | Noticed Harold
 10174 | D:10     | Killed Harold
 10673 | D:11     | Identified the +9 shortbow "Jysuuq" {antimagic, Int+3}
 10714 | D:11     | Reached XP level 12. HP: 65/93 MP: 12/12
 10960 | D:11     | Noticed a two-headed ogre
 10967 | D:11     | Killed a two-headed ogre
 11055 | D:11     | Reached skill level 16 in Ranged Weapons
 11981 | D:12     | Found a staircase to the Orcish Mines.
 12047 | D:12     | Noticed a boulder beetle
 12060 | D:12     | Killed a boulder beetle
 12317 | D:12     | Noticed a two-headed ogre
 12321 | D:12     | Killed a two-headed ogre
 12550 | D:12     | Noticed a boulder beetle
 12565 | D:12     | Killed a boulder beetle
 12566 | D:12     | Reached XP level 13. HP: 95/103 MP: 4/13
 12793 | Lair:1   | Entered Level 1 of the Lair of Beasts
 12815 | Lair:1   | Reached skill level 10 in Fighting
 12831 | Lair:1   | Reached skill level 17 in Ranged Weapons
 12873 | Lair:1   | Identified the +0 ring mail of Gozag's Displeasure {rCorr}
 14069 | Lair:2   | Noticed a six-headed hydra
 14074 | Lair:2   | Killed a six-headed hydra
 14075 | Lair:2   | Reached skill level 18 in Ranged Weapons
 14104 | Lair:2   | Found a gate leading to a gauntlet.
 14113 | Gauntlet | Entered a Gauntlet
 14113 | Gauntlet | Found a transporter.
 14113 | Gauntlet | Found a transporter.
 14113 | Gauntlet | Found a transporter.
 14113 | Gauntlet | Found a runed translucent gate.
 14152 | Gauntlet | Found a runed translucent gate.
 14153 | Gauntlet | Found a runed translucent gate.
 14160 | Gauntlet | Found a transporter.
 14163 | Gauntlet | Found a transporter.
 14171 | Gauntlet | Found a transporter.
 14174 | Gauntlet | Found a transporter.
 14180 | Gauntlet | Noticed a dire elephant
 14185 | Gauntlet | Found a transporter.
 14200 | Gauntlet | Found a transporter.
 14206 | Gauntlet | Found a transporter.
 14208 | Gauntlet | Found a transporter.
 14219 | Gauntlet | Found a transporter.
 14376 | Gauntlet | Identified the staff of Indomitability {rElec Int-3 SInv
                  | Stlth+ Conj}
 14548 | Gauntlet | Identified the amulet "Udeckas" {RegenMP rPois Dex+3}
 14717 | Gauntlet | Identified the +5 long sword of Dim Light {flame, rF- Str+6
                  | Dex-5}
 14723 | Gauntlet | Identified the ring of Creativity {Fire rPois rN+ rCorr
                  | MP+9}
 14754 | Gauntlet | Noticed a minotaur
 14759 | Gauntlet | Slain by a minotaur

Illustrated notes

Levels and vault maps discovered:
D:1:      lemuel_arrival_muddy, layout_basic, dilly_ecumenical_altar_fadedgnrine
D:2:      layout_basic, basic_altar, serial_shops,
          nicolae_shop_overgrown_old_shop, uniq_robin, uniq_crazy_yiuf_cottage
D:3:      layout_loops_cross, minmay_box_of_dots
D:4:      layout_cave_pools, minmay_temple_entry_from_below_a
D:5:      layout_loops_corners, lemuel_doored_altar
D:6:      layout_basic, minmay_overflow_temple_star_quad, serial_shops,
          nicolae_shop_pleasant_corner_grove, uniq_pikel
D:7:      layout_basic, chei_slow_surprise, enter_bailey_2
D:8:      kennysheep_housing_project, layout_loops_cross,
          mainiacjoe_overflow_paths, dpeg_oklobed_lair, serial_shops, shop,
          shop, shop, nicolae_shop_real_fake_doors, minmay_shop_chei,
          minmay_misc_feat_more_columns, minmay_misc_feat_alley,
          dk_noncrumbling_2
D:9:      layout_layer_cave, nicolae_beast_mode
D:10:     layout_cave_pods, uniq_psyche, uniq_harold, uniq_maurice
D:11:     layout_rooms
D:12:     layout_stronghold, erik_orc_4
Temple:   lightli_temple_of_artemis
Lair:1:   layout_regular_city
Lair:2:   layout_small_grid, gauntlet_entry_generic, wad_woods_river_01
Gauntlet: minmay_gauntlet_mixed_big_or_small [gammafunk_gauntlet_arena_hedges,
          minmay_gauntlet_arena_77_run_for_it, gammafunk_gauntlet_arena_split_x,
          minmay_gauntlet_arena_77_mirror, nicolae_gauntlet_arena_grate_2,
          minmay_gauntlet_arena_77_box, gauntlet_exit_watery]

Skill      XL: |  1  2  3  4  5  6  7  8  9 10 11 12 13 |
---------------+----------------------------------------+-----
Ranged Weapons | 5 6 7 9 10 12 13 15 16 18 | 18.1
Armour         | 1 2 3 4 5 6 7 9 |  9.0
Fighting       | 3 4 5 6 8 9 11 | 11.5
Dodging        | 2 3 4 |  4.2
Stealth        | 2 3 |  3.3

Action                     |  1- 3 |  4- 6 |  7- 9 | 10-12 | 13-15 || total
---------------------------+-------+-------+-------+-------+-------++-------
  Melee: Unarmed           |       |       |       |     1 |       ||     1
   Fire: Shortbow          |    89 |   112 |   224 |   648 |   325 ||  1398
 Invoke: Call Merchant     |       |       |       |     2 |       ||     2
Ability: Dig               |       |     3 |       |       |     1 ||     4
    Use: Scroll            |     5 |     9 |     8 |     8 |     8 ||    38
         Potion            |       |       |     2 |     2 |     3 ||     7
 Armour: Leather armour    |    22 |       |       |       |       ||    22
         Animal skin       |       |     7 |    45 |    64 |    23 ||   139
         Skin              |       |       |       |     1 |       ||     1
         Chain mail        |       |       |       |       |    41 ||    41
  Dodge: Dodged            |    29 |    14 |    51 |   177 |   151 ||   422

Table legend: (Time is in decaauts)
 A = Elapsed time spent in this place.
 B = Non-inter-level travel time spent in this place.
 C = Inter-level travel time spent in this place.
 D = Time resting spent in this place.
 E = Time spent auto-exploring this place.
 F = Levels seen in this place.
 G = Mean time per level.
                   A        B        C        D        E       F      G
               +--------+--------+--------+--------+--------+-----+--------+
         Total |  14540 |  13184 |   1356 |   1146 |   9626 |  17 |  855.3 |
       Dungeon |  11738 |  10522 |   1216 |    683 |   8259 |  12 |  978.2 |
        Temple |     22 |      1 |     21 |      0 |      0 |   1 |   22.0 |
          Lair |   1242 |   1124 |    118 |      0 |    823 |   2 |  621.0 |
        Bailey |    889 |    889 |      0 |    221 |    432 |   1 |  889.0 |
      Gauntlet |    647 |    647 |      0 |    242 |    112 |   1 |  647.0 |
               +--------+--------+--------+--------+--------+-----+--------+

Top non-repeatable levels by time:
     D:9: 1375 daAuts
     D:2: 1300 daAuts
     D:8: 1260 daAuts
     D:6: 1131 daAuts
     D:5: 1119 daAuts
    D:12: 1041 daAuts
    D:10: 1029 daAuts
    D:11: 928 daAuts
  Lair:1: 925 daAuts
  Bailey: 889 daAuts
     D:3: 664 daAuts
     D:1: 663 daAuts
     D:4: 651 daAuts
Gauntlet: 647 daAuts
     D:7: 571 daAuts
